 Dungeon Crawl Stone Soup version 0.14-a0-1570-g671a4b6 (webtiles) character file.

409 PolkaDot the Jinx (level 5, 0/35 HPs)
             Began as a Vampire Enchanter on Dec 20, 2013.
             Was an Initiate of Kikubaaqudgha.
             Succumbed to an adder's poison
             ... on Level 3 of the Dungeon.
             The game lasted 00:11:39 (2194 turns).

PolkaDot the Jinx (Vampire Enchanter)               Turns: 2194, Time: 00:11:40

HP   0/35        AC  3     Str  7      XL: 5   Next: 92%
MP   2/9         EV 12     Int 17      God: Kikubaaqudgha [......]
Gold 153         SH  0     Dex 15      Spells:  2 memorised,  4 levels left

rFire  . . .     SeeInvis +     a - +1 dagger
rCold  . . .     Clarity  .     h - +1 robe
rNeg   . . .     Conserve .     (no shield)
rPois  .         rCorr    .     (no helmet)
rElec  .         rRot     .     (no cloak)
SustAb . .       Spirit   .     (no gloves)
rMut   .         Warding  .     (no boots)
Saprov . . .     Stasis   .     (no amulet)
                                (no ring)
                                (no ring)

@: regenerating quickly, mildly poisoned, slightly resistant to hostile
enchantments, stealthy
A: fangs 3, see invisible, unbreathing
a: Renounce Religion


You were on level 3 of the Dungeon.
You worshipped Kikubaaqudgha.
Kikubaaqudgha was noncommittal.
You were full.

You visited 1 branch of the dungeon, and saw 3 of its levels.

You collected 153 gold pieces.

Inventory:

Hand weapons
 a - a +1,+1 dagger (weapon)
 b - a +2,+1 short sword
Armour
 h - a +1 robe (worn)
Scrolls
 d - a scroll of magic mapping {unknown}
 f - a scroll of recharging
 g - a scroll of identify
 i - a scroll of immolation {unknown}
Potions
 j - a potion of restore abilities
Books
 c - a book of Maledictions

   Spells                             Type                      Level
   *Corona                            Hexes                        1
   Sure Blade                         Hexes/Charms                 2
   Ensorcelled Hibernation            Hexes/Ice                    2
   *Confuse                           Hexes                        3
   Enslavement                        Hexes                        4
   Invisibility                       Hexes                        6


   Skills:
 + Level 3.7 Short Blades
 - Level 0.7 Throwing
 - Level 2.1 Dodging
 - Level 3.0 Stealth
 - Level 2.0 Spellcasting
 * Level 8.4 Hexes


You had 4 spell levels left.
You knew the following spells:

 Your Spells              Type           Power        Failure   Level  Hunger
a - Corona                Hex            ####...      1%          1    #......
c - Confuse               Hex            ####....     1%          3    ####...


Dungeon Overview and Level Annotations

Branches:
Dungeon (3/16)

Altars:
Fedhas
Kikubaaqudgha
Zin


Innate Abilities, Weirdness & Mutations

Your natural rate of healing is unusually fast.
You have razor-sharp teeth.*
You have supernaturally acute eyesight.
You can survive without breathing.*


Message History

You feel sick. The adder closely misses you.
You hit the adder.
The adder is lightly wounded.
* * * LOW HITPOINT WARNING * * *
You feel sick.
Casting: Confuse
Confirm with . or Enter, or press ? or * to list all spells.
You don't have enough magic to cast that spell.
Firing (i - inventory): No suitable missiles.
Press: ? - help, Shift-Dir - straight line, f/p - adder
Aim: an adder (lightly wounded, bewildered and confused)
Okay, then.
* * * LOW HITPOINT WARNING * * *
You feel sick.
You feel a little better.
The adder seems less confused.
There is a stone staircase leading up here.
You die...
Kikubaaqudgha rasps: "You have failed me!
Welcome... oblivion!"

#.......# #.....##..........
####...#######.....##.........#
#......#...........##..........
#......#.......(...............
#.#......#............#########.#
........)+..............###......
#.####...#...............##.###.#
.........###...S.........##.#....
..............g.@>...............
.....######..........#.......###
..... #(...........####....# #
..... #............##......###
g.. ##............##.........
#.............##......###
##.#......###.#########
#._.......# . ##.#......#


You could see an adder and a goblin.

Vanquished Creatures
  Sigmund (D:2)
  Ijyb (D:3)
  Terence (D:2)
  9 adders
  An inept feature mimic (D:3)
  A worm (D:3)
  An ooze (D:2)
  2 ball pythons
  6 giant cockroaches
  7 goblins
  6 hobgoblins
  2 quokkas
  10 bats
  4 giant geckos
  2 giant newts
  2 kobolds
  8 rats
64 creatures vanquished.

Notes
Turn   | Place    | Note
--------------------------------------------------------------
     0 | D:1      | PolkaDot, the Vampire Enchanter, began the quest for the Orb.
     0 | D:1      | Reached XP level 1. HP: 13/13 MP: 3/3
    87 | D:1      | Reached skill level 5 in Hexes
    91 | D:1      | Reached XP level 2. HP: 13/19 MP: 4/4
   207 | D:2      | Reached XP level 3. HP: 20/24 MP: 6/6
   269 | D:2      | Reached skill level 6 in Hexes
   859 | D:2      | Reached XP level 4. HP: 18/30 MP: 5/7
  1053 | D:2      | Noticed Sigmund
  1109 | D:2      | Learned a level 3 spell: Confuse
  1131 | D:2      | Killed Sigmund
  1131 | D:2      | Reached skill level 7 in Hexes
  1131 | D:2      | Reached XP level 5. HP: 28/35 MP: 0/9
  1468 | D:2      | Noticed Terence
  1521 | D:2      | Killed Terence
  1594 | D:2      | Found a blossoming altar of Fedhas.
  1747 | D:3      | Noticed Ijyb
  1768 | D:3      | Killed Ijyb
  1768 | D:3      | Reached skill level 8 in Hexes
  2073 | D:3      | Found a glowing silver altar of Zin.
  2094 | D:3      | Found an ancient bone altar of Kikubaaqudgha.
  2106 | D:3      | Became a worshipper of Kikubaaqudgha
  2192 | D:3      | HP: 1/35 [poisoned by an adder]
  2194 | D:3      | Succumbed to an adder's poison

Action                   |  1- 3 |  4- 6 || total
-------------------------+-------+-------++-------
Melee: Dagger            |   136 |   178 ||   314
       Short sword       |     6 |       ||     6
 Cast: Corona            |     3 |     6 ||     9
       Confuse           |       |    12 ||    12
  Use: Potion            |     1 |     1 ||     2
       Scroll            |       |     4 ||     4
 Stab: Sleeping          |     8 |     5 ||    13
       Confused          |       |     7 ||     7
